 Dungeon Crawl Stone Soup version 0.27.1-2-g3b301248ec (webtiles) character file.

Game seed: 14418869153482291040

7287 MisterFreud the Blocker (level 11, 0/133 HPs)
             Began as a Gnoll Fighter on Oct 1, 2021.
             Slain by a cane toad (15 damage)
             ... on level 1 of the Lair of Beasts.
             The game lasted 00:22:19 (14449 turns).

MisterFreud the Blocker (Gnoll Fighter)            Turns: 14449, Time: 00:22:20

Health: 0/133      AC: 25    Str: 15    XL:     11   Next: 12%
Magic:  20/20      EV:  2    Int: 11    God:
Gold:   613        SH: 16    Dex: 12    Spells: 22/22 levels left

rFire    . . .     SeeInvis .   a - +0 rapier
rCold    . . .     Faith    .   c - +0 kite shield
rNeg     + + +     Spirit   .   (armour currently unavailable)
rPois    +         Reflect  +   (helmet currently unavailable)
rElec    .         Harm     .   (cloak currently unavailable)
rCorr    .         Rampage  .   (gloves currently unavailable)
Will     .....     NoTele   +   (boots currently unavailable)
Stlth    +++.......             r - amulet of reflection
HPRegen  0.32/turn              (no ring)
MPRegen  0.17/turn              (no ring)

@: lethally poisoned (0 -> -12), tree-form
A: stationary, stasis, torment immunity, boosted hp, (fangs 1), strong nose,
distributed training
a: no special abilities


You were on level 1 of the Lair of Beasts.
You were a tree.
You visited 2 branches of the dungeon, and saw 11 of its levels.
You also visited: Ossuary.

You collected 655 gold pieces.
You spent 42 gold pieces at shops.

Inventory:

Hand Weapons
 a - a +0 rapier (weapon)
 y - a +2 dagger of protection
 z - a +1 vampiric dagger
 H - a +2 short sword of draining
Missiles
 e - 13 javelins (quivered)
 w - 9 atropa-tipped darts
 I - 12 boomerangs
 M - 3 throwing nets
 P - 23 poisoned darts
Armour
 b - a +0 scale mail (melded)
 c - a +0 kite shield (worn)
 j - a +0 pair of gloves (melded)
 B - a +1 helmet of see invisible (melded)
 U - a +1 tower shield of protection
Jewellery
 r - an amulet of reflection (around neck)
 u - a ring of ice
 W - an amulet of the acrobat
 X - a ring of poison resistance
Wands
 v - a wand of mindburst (4)
 J - a wand of iceblast (14)
 N - a wand of flame (23)
Scrolls
 f - 11 scrolls of identify
 g - 5 scrolls of teleportation
 h - a scroll of immolation {unknown}
 m - 2 scrolls of holy word {unknown}
 n - a scroll of torment {unknown}
 o - 2 scrolls of noise {unknown}
 q - 3 scrolls of blinking
 t - a scroll of vulnerability {unknown}
 A - a scroll of fear
 D - a scroll of silence {unknown}
 E - a scroll of enchant armour {unknown}
 F - 4 scrolls of amnesia
 G - a scroll of enchant weapon {unknown}
 K - a scroll of brand weapon {unknown}
 L - a scroll of magic mapping {unknown}
 O - 2 scrolls of fog {unknown}
 R - a scroll of acquirement
Potions
 i - 2 potions of degeneration
 k - 2 potions of flight {unknown}
 l - 3 potions of mutation {unknown}
 p - 3 potions of heal wounds
 s - 2 potions of haste {unknown}
 x - 6 potions of curing
 C - 3 potions of might
 Q - 2 potions of invisibility
 S - a potion of ambrosia {unknown}
 T - 2 potions of magic {unknown}
 V - a potion of resistance {unknown}
 Y - a potion of attraction {unknown}


   Skills:
 + Level 9.0 Fighting
 + Level 7.6 Short Blades
 + Level 6.0 Long Blades
 + Level 6.0 Axes
 + Level 6.0 Maces & Flails
 + Level 6.0 Polearms
 + Level 6.0 Staves
 + Level 6.0 Slings
 + Level 6.0 Bows
 + Level 6.0 Crossbows
 + Level 6.0 Throwing
 + Level 9.0 Armour
 + Level 6.0 Dodging
 + Level 6.0 Stealth
 + Level 9.0 Shields
 + Level 6.0 Unarmed Combat
 + Level 6.0 Spellcasting
 + Level 4.9 Conjurations
 + Level 4.9 Hexes
 + Level 4.9 Summonings
 + Level 4.9 Necromancy
 + Level 4.9 Translocations
 + Level 4.9 Transmutations
 + Level 4.9 Fire Magic
 + Level 4.9 Ice Magic
 + Level 4.9 Air Magic
 + Level 4.9 Earth Magic
 + Level 4.9 Poison Magic
 + Level 6.5 Invocations
 + Level 6.0 Evocations


You had 22 spell levels left.
You didn't know any spells.
Your spell library contained the following spells:

 Spells                   Type           Power      Damage    Failure   Level
 Foxfire                  Conj/Fire      56%        2x1d6     5%          1
 Slow                     Hex            14%        N/A       9%          2
 Sublimation of Blood     Necr           7%         N/A       9%          2
 Wereblood                Tmut           14%        N/A       9%          2
 Confusing Touch          Hex            14%        N/A       16%         3
 Conjure Flame            Conj/Fire      14%        6-21      16%         3
 Inner Flame              Hex/Fire       14%        N/A       16%         3
 Tukima's Dance           Hex            14%        N/A       16%         3
 Passage of Golubria      Tloc           N/A        N/A       47%         4
 Yara's Violent Unravell  Hex/Tmut       7%         3d5       83%         5
 Summon Hydra             Summ           7%         N/A       100%        7


Dungeon Overview and Level Annotations

Branches:
Dungeon (9/15)             Temple (0/1) D:5            Lair (2/6) D:9
  Swamp (0/4) Lair:2      Ossuary (visited)
  Snake: Lair:2-4    Spider: Lair:2-4       Orc: D:9-12

Altars:
Ashenzari
Dithmenos
Elyvilon
Fedhas
Trog
Yredelemnul
The Shining One

Shops:
D:3 :   D:5 *   D:6 !

Annotations:
Lair:1 2 transporters, exclusion: 2 oklob plants, raph's ghost, journeyman DDNe


Innate Abilities, Weirdness & Mutations

You are a tree.
Your roots penetrate the ground, keeping you stationary.
You cannot be teleported.
You are immune to unholy pain and torment.
Your maximum health is greatly increased.
Your equipment is partially melded.
((You have very sharp teeth.))
Your uncanny sense of smell can sniff out nearby items.
Your experience applies equally to all skills.


Message History

You block the water moccasin's attack.
The cane toad stings you but does no damage.
A floating eye comes into view.
You block the water moccasin's attack.
You miss the water moccasin.
The water moccasin is lightly wounded.
You block the cane toad's attack.
The water moccasin bites you but does no damage.
You block the cane toad's attack.
You hit the water moccasin.
The water moccasin is moderately wounded.
The water moccasin bites you but does no damage.
You block the cane toad's attack.
You hit the water moccasin but do no damage.
The water moccasin is moderately wounded.
The water moccasin barely misses you. You block the cane toad's attack.
You block the water moccasin's attack.
You hit the water moccasin.
The water moccasin is heavily wounded.
You block the cane toad's attack.
The water moccasin bites you but does no damage.
You hit the water moccasin but do no damage.
The water moccasin is heavily wounded.
The water moccasin bites you but does no damage.
The cane toad stings you.
* * * LOW HITPOINT WARNING * * *
You are poisoned.
The cane toad poisons you!
You barely miss the water moccasin.
The water moccasin is heavily wounded.
* * * LOW HITPOINT WARNING * * *
You feel very sick.
The water moccasin bites you but does no damage.
You block the cane toad's attack.
The water moccasin bites you but does no damage.
You hit the water moccasin but do no damage.
The water moccasin is heavily wounded.
You feel very sick. The cane toad stings you!
You die...

..P#.#.##...##P...P#
.)#######...###....#
Y.######F...# #...##
.......##...# #...#
!l........... #...##
Y............ #...P#
.............##...##
..............#...#
...$P...........♣.#
....P..........SF.#
.:.(.P[...........#
P...P.......###..>#
.... ##...# ...
#..>.# .. ##...#
#...# ....#


You could see a cane toad and a water moccasin.

Vanquished Creatures
  An ugly thing (D:6)
  A black mamba (Lair:1)
  A gargoyle (D:8)
  A cane toad (Lair:1)
  A polar bear (Lair:2)
  A troll (D:9)
  A shadow (D:9)
  A wraith (D:8)
  A yak (D:8)
  6 water moccasins
  3 sky beasts
  3 orc warriors
  A black bear (Lair:1)
  3 necrophages
  An ice beast (D:8)
  4 ogres
  5 centaurs
  2 gnoll sergeants
  2 kobold brigands (D:8)
  6 bullfrogs
  A wyvern zombie (D:9)
  3 scorpions
  A wyvern skeleton (D:7)
  5 water moccasin zombies (Ossuary)
  5 killer bees (D:7)
  3 howler monkeys
  2 bullfrog zombies
  4 jellies
  8 orc priests
  A hound (D:8)
  A gnoll shaman (D:5)
  3 iguanas
  Natasha (D:2)
  5 orc wizards
  3 killer bee zombies
  A hound zombie (D:5)
  A hound skeleton (D:5)
  3 mummies
  Robin (D:4)
  11 adders
  10 gnolls
  2 river rats (D:3)
  2 white imps
  An ufetubus (D:4)
  8 adder zombies
  2 adder skeletons (D:4)
  2 worms
  3 dart slugs
  35 orcs
  An endoplasm (D:4)
  3 giant cockroaches
  22 goblins
  9 hobgoblins
  4 jackals (D:2)
  5 quokkas
  4 ball pythons
  6 bats
  3 frilled lizards
  5 gnoll zombies (Ossuary)
  A goblin zombie (D:5)
  8 hobgoblin zombies
  11 kobolds
  4 kobold zombies (Ossuary)
  4 orc zombies (Ossuary)
  8 rats
271 creatures vanquished.

Vanquished Creatures (others)
  4 bushes (Lair:1)
  15 fungi
  21 plants (Lair:1)
40 creatures vanquished.

Grand Total: 311 creatures vanquished

Notes
Turn   | Place    | Note
-------+----------+-------------------------------------------
     0 | D:1      | MisterFreud the Gnoll Fighter began the quest for the Orb.
     0 | D:1      | Reached XP level 1. HP: 23/23 MP: 1/1
   201 | D:1      | Reached XP level 2. HP: 29/29 MP: 2/2
   283 | D:1      | You fall into a shaft and drop 1 floor!
   408 | D:2      | Reached XP level 3. HP: 34/35 MP: 3/3
  1019 | D:2      | Reached skill level 1 in Invocations
  1063 | D:2      | Noticed Natasha
  1077 | D:2      | Killed Natasha
  1078 | D:2      | Reached skill level 1 in Long Blades
  1078 | D:2      | Reached skill level 1 in Axes
  1078 | D:2      | Reached skill level 1 in Maces & Flails
  1078 | D:2      | Reached skill level 1 in Polearms
  1078 | D:2      | Reached skill level 1 in Staves
  1078 | D:2      | Reached skill level 1 in Slings
  1078 | D:2      | Reached skill level 1 in Bows
  1078 | D:2      | Reached skill level 1 in Crossbows
  1078 | D:2      | Reached skill level 1 in Throwing
  1078 | D:2      | Reached skill level 1 in Dodging
  1078 | D:2      | Reached skill level 1 in Stealth
  1078 | D:2      | Reached skill level 1 in Unarmed Combat
  1078 | D:2      | Reached skill level 1 in Spellcasting
  1078 | D:2      | Reached skill level 1 in Evocations
  1078 | D:2      | Reached XP level 4. HP: 23/41 MP: 5/5
  1173 | D:3      | Noticed Robin
  1338 | D:4      | Reached skill level 1 in Conjurations
  1338 | D:4      | Reached skill level 1 in Hexes
  1338 | D:4      | Reached skill level 1 in Summonings
  1338 | D:4      | Reached skill level 1 in Necromancy
  1338 | D:4      | Reached skill level 1 in Translocations
  1338 | D:4      | Reached skill level 1 in Transmutations
  1338 | D:4      | Reached skill level 1 in Fire Magic
  1338 | D:4      | Reached skill level 1 in Ice Magic
  1338 | D:4      | Reached skill level 1 in Air Magic
  1338 | D:4      | Reached skill level 1 in Earth Magic
  1338 | D:4      | Reached skill level 1 in Poison Magic
  1391 | D:4      | Reached XP level 5. HP: 46/47 MP: 5/7
  2047 | D:4      | Killed Robin
  2240 | D:3      | Reached XP level 6. HP: 53/53 MP: 8/8
  2291 | D:3      | Found Ihamaopt's Book Shoppe.
  2871 | D:5      | Entered Level 5 of the Dungeon
  2912 | D:5      | Reached skill level 5 in Short Blades
  2928 | D:5      | Reached XP level 7. HP: 33/59 MP: 10/10
  2934 | D:5      | Found a sand-covered staircase.
  2940 | Ossuary  | Entered an ossuary
  3303 | D:5      | Found a staircase to the Ecumenical Temple.
  3338 | D:5      | Reached XP level 8. HP: 24/67 MP: 12/12
  3619 | D:5      | HP: 5/100 [poisoned by a water moccasin]
  4112 | D:5      | Found Puorr's General Store.
  4119 | D:5      | Bought a scroll of fear for 42 gold pieces
  5560 | D:6      | Reached XP level 9. HP: 70/72 MP: 14/14
  6446 | D:6      | Found Wietrueg's Distillery.
  7546 | D:8      | Found a bloodstained altar of Trog.
  8150 | D:7      | Reached skill level 5 in Invocations
  8339 | D:7      | Found a blossoming altar of Fedhas.
  8830 | D:7      | Reached XP level 10. HP: 29/80 MP: 17/17
  9236 | D:7      | Found a glowing golden altar of the Shining One.
  9759 | D:8      | Reached skill level 5 in Long Blades
  9759 | D:8      | Reached skill level 5 in Axes
  9759 | D:8      | Reached skill level 5 in Maces & Flails
  9759 | D:8      | Reached skill level 5 in Polearms
  9759 | D:8      | Reached skill level 5 in Staves
  9759 | D:8      | Reached skill level 5 in Slings
  9759 | D:8      | Reached skill level 5 in Bows
  9759 | D:8      | Reached skill level 5 in Crossbows
  9759 | D:8      | Reached skill level 5 in Throwing
  9759 | D:8      | Reached skill level 5 in Dodging
  9759 | D:8      | Reached skill level 5 in Stealth
  9759 | D:8      | Reached skill level 5 in Unarmed Combat
  9759 | D:8      | Reached skill level 5 in Spellcasting
  9759 | D:8      | Reached skill level 5 in Evocations
 10390 | D:8      | Noticed a gargoyle
 10390 | D:8      | Noticed a red ugly thing
 10909 | D:6      | Killed a red ugly thing
 11036 | D:8      | Killed a gargoyle
 11748 | D:8      | Found a white marble altar of Elyvilon.
 12157 | D:9      | Noticed an eight-headed hydra
 12546 | D:9      | Found a shadowy altar of Dithmenos.
 12571 | D:9      | Found a broken altar of Ashenzari.
 12597 | D:9      | Found a staircase to the Lair.
 12647 | D:9      | Found a basalt altar of Yredelemnul.
 12720 | D:9      | Noticed a molten gargoyle
 12848 | D:9      | HP: 4/82 [wind drake (shapeshifter)/the air (8)]
 12889 | Lair:1   | Entered Level 1 of the Lair of Beasts
 12889 | Lair:1   | Noticed a cane toad
 12906 | Lair:1   | Found a transporter.
 12906 | Lair:1   | Noticed raph's ghost (journeyman DDNe)
 13338 | Lair:2   | Found a staircase to the Swamp.
 13698 | Lair:2   | Reached XP level 11. HP: 85/87 MP: 19/19
 13700 | Lair:2   | Identified 2 scrolls of acquirement
 13700 | Lair:2   | Acquired a +1 tower shield of protection
 14300 | Lair:1   | Found a transporter.
 14373 | Lair:1   | Noticed an oklob plant
 14373 | Lair:1   | Noticed an oklob plant
 14449 | Lair:1   | Slain by a cane toad

Illustrated notes

Levels and vault maps discovered:
D:1:      mrwooster_arrival_arrow, layout_basic, minmay_misc_feat_rows,
          hangedman_decor_growths
D:2:      layout_rooms, hellmonk_ecumenical_altar_inner_sanctum, minmay_vboxes,
          uniq_natasha
D:3:      layout_rooms, serial_shops, nicolae_shop_statue_plus,
          portal_sewer_entry_a, dk_vineyard_3, uniq_robin
D:4:      layout_loops_ring, corexii_checkpoint_b
D:5:      layout_loops_cross, minmay_temple_entry_mini_moons, serial_shops,
          shop, nicolae_ossuary_entry_giza, small_statue_intersection
D:6:      layout_basic, serial_aquarium, aquarium_bridge_straight
          [aquarium_subvault_bridge, aquarium_subvault_balcony,
          aquarium_subvault_bridge, aquarium_subvault_balcony],
          aquarium_window_fake, aquarium_window_2, aquarium_view_2a,
          aquarium_balcony_5a, aquarium_pool_2, serial_shops, shop
D:7:      layout_cave_pools, nicolae_tso_carved_into_rock, fedhas_altar_4
D:8:      minmay_bubble_buster, layout_layer_cave, trog_hazing_becter,
          kennysheep_little_box, enter_bailey_3
D:9:      layout_basic, nicolae_dithmenos_the_darkroom,
          grunt_temple_overflow_open, lair_entry_dummy, grunt_decor_arrowhead,
          minmay_crystal_water, st_stairs_13, minmay_misc_feat_nine_boxes,
          minivault_8
Lair:1:   layout_long_grid, gammafunk_ghost_arena, disabler_island
Lair:2:   regret_index_tunnel_blossom, layout_misc_corridors, swamp_mist_pool,
          chequers_serial_rivers_micro_c

Skill      XL: |  1  2  3  4  5  6  7  8  9 10 11 |
---------------+----------------------------------+-----
Invocations    | 1 2 3 4 5 6 |  6.5
Long Blades    | 1 2 3 4 5 6 |  6.0
Axes           | 1 2 3 4 5 6 |  6.0
Maces & Flails | 1 2 3 4 5 6 |  6.0
Polearms       | 1 2 3 4 5 6 |  6.0
Staves         | 1 2 3 4 5 6 |  6.0
Slings         | 1 2 3 4 5 6 |  6.0
Bows           | 1 2 3 4 5 6 |  6.0
Crossbows      | 1 2 3 4 5 6 |  6.0
Throwing       | 1 2 3 4 5 6 |  6.0
Dodging        | 1 2 3 4 5 6 |  6.0
Stealth        | 1 2 3 4 5 6 |  6.0
Unarmed Combat | 1 2 3 4 5 6 |  6.0
Spellcasting   | 1 2 3 4 5 6 |  6.0
Evocations     | 1 2 3 4 5 6 |  6.0
Conjurations   | 1 2 3 4 |  4.9
Hexes          | 1 2 3 4 |  4.9
Summonings     | 1 2 3 4 |  4.9
Necromancy     | 1 2 3 4 |  4.9
Translocations | 1 2 3 4 |  4.9
Transmutations | 1 2 3 4 |  4.9
Fire Magic     | 1 2 3 4 |  4.9
Ice Magic      | 1 2 3 4 |  4.9
Air Magic      | 1 2 3 4 |  4.9
Earth Magic    | 1 2 3 4 |  4.9
Poison Magic   | 1 2 3 4 |  4.9
Short Blades   | 5 6 7 |  7.6
Fighting       | 7 8 9 |  9.0
Armour         | 7 8 9 |  9.0
Shields        | 7 8 9 |  9.0

Action                   |  1- 3 |  4- 6 |  7- 9 | 10-12 || total
-------------------------+-------+-------+-------+-------++-------
Melee: Rapier            |    91 |   240 |   757 |   417 ||  1505
       Bite              |     6 |    23 |   108 |    54 ||   191
       Dagger            |       |       |   227 |       ||   227
       Short sword       |       |       |       |    92 ||    92
Throw: Dart              |       |       |     1 |       ||     1
       Javelin           |       |       |     1 |       ||     1
Evoke: Wand              |       |       |     2 |     9 ||    11
  Use: Potion            |       |     1 |     7 |     2 ||    10
       Scroll            |       |       |       |     6 ||     6
 Stab: Sleeping          |       |       |     1 |     1 ||     2
       Distracted        |       |       |       |     1 ||     1
Armor: Scale mail        |    37 |    61 |   207 |   115 ||   420
       Skin              |       |       |    17 |    14 ||    31
Dodge: Dodged            |    27 |    53 |   172 |   142 ||   394
Block: Kite shield       |    51 |   215 |   721 |   442 ||  1429
       Reflection        |       |     4 |    12 |    20 ||    36
